 Dungeon Crawl Stone Soup version 0.17-a0-1411-g06ff558 (webtiles) character file.

21 matakusis the Skirmisher (level 2, 0/24 HPs)
             Began as a Demonspawn Berserker on June 23, 2015.
             Was a Follower of Trog.
             Succumbed to an adder's poison
             ... on level 2 of the Dungeon.
             The game lasted 00:06:31 (1510 turns).

matakusis the Skirmisher (Demonspawn Berserker)     Turns: 1510, Time: 00:06:31

Health: 0/24       AC:  2    Str: 17    XL:     2   Next: 65%
Magic:  2/2        EV: 12    Int:  8    God:    Trog [*.....]
Gold:   53         SH:  0    Dex: 12    Spells: 0 memorised, 1 level left

rFire  . . .     SeeInvis .       - Unarmed
rCold  . . .     Clarity  .     a - +0 animal skin
rNeg   . . .     SustAt   .     (no shield)
rPois  .         Gourm    .     (no helmet)
rElec  .         Spirit   .     (no cloak)
rCorr  .         Warding  .     (no gloves)
rMut   .         Stasis   .     (no boots)
MR     .....                    (no amulet)
Stlth  +.........               (no ring)
                                (no ring)

@: lethally poisoned (0 -> -15), slowed, very slow, not resistant to hostile
enchantments, very unstealthy
A: talons 1
a: Burn Spellbooks, Berserk, Renounce Religion


You were on level 2 of the Dungeon.
You worshipped Trog.
Trog was aware of your devotion.
You were hungry.

You visited 1 branch of the dungeon, and saw 2 of its levels.

You collected 53 gold pieces.

Inventory:

Armour
 a - a +0 animal skin (worn)
Jewellery
 g - an uncursed ring of see invisible {unknown}
Scrolls
 e - 2 scrolls of teleportation {unknown}
Potions
 c - a potion of heal wounds {unknown}
 d - a potion of degeneration {unknown}
 f - a potion of curing {unknown}
Comestibles
 b - a bread ration


   Skills:
 * Level 3.4 Fighting
 + Level 1.7 Armour
 * Level 1.9 Dodging
 - Level 0.2 Stealth
 + Level 3.1 Unarmed Combat


You had one spell level left.
You didn't know any spells.

Dungeon Overview and Level Annotations

Branches:
Dungeon (2/15)

Altars:

Annotations:
D:2 Natasha


Innate Abilities, Weirdness & Mutations

You have sharp toenails.


Message History

Natasha casts a spell.
You miss the adder. You claw the adder, but do no damage.
You feel sick. The adder bites you.
You are more poisoned.
The adder poisons you! Natasha casts a spell at you.
You feel yourself slow down.
You closely miss the adder. You claw the adder, but do no damage.
You feel very sick. The adder barely misses you. x2
Natasha casts a spell.
Suddenly you are surrounded with a pale green light.
Natasha closely misses you. The shadow imp closely misses you.
You hit the adder. Your kick misses the adder.
The adder is moderately wounded.
You feel sick. The adder bites you. Natasha claws you!
* * * LOW HITPOINT WARNING * * *
The shadow imp barely misses you. The adder misses you.
Natasha barely misses you.
You die...

##### .
#..<# ..
#...# ...
#...# ....
#)..## .....
#.@5h#......
#...Sg..).<.
#...#5......
#...#.......
#...##......
##.## ##.###
#.# ..# #.#
.# #. #


You could see Natasha, an adder, a white imp, a shadow imp and a hobgoblin.

Vanquished Creatures
  6 hobgoblins (D:1)
  3 jackals (D:1)
  4 kobolds (D:1)
  A bat (D:1)
  4 giant newts
  A rat (D:1)
19 creatures vanquished.

Notes
Turn   | Place    | Note
--------------------------------------------------------------
     0 | D:1      | matakusis the Demonspawn Berserker began the quest for the Orb.
     0 | D:1      | Reached XP level 1. HP: 18/18 MP: 1/1
     2 | D:1      | Noticed a demigod
     2 | D:1      | Noticed a gargoyle
     4 | D:1      | Noticed an elf
     4 | D:1      | Noticed a formicid
     6 | D:1      | Noticed a felid
     6 | D:1      | Noticed a merfolk
     8 | D:1      | Noticed a tengu
    10 | D:1      | Noticed a minotaur
    12 | D:1      | Noticed a spriggan
    18 | D:1      | Noticed an ogre
    18 | D:1      | Noticed a draconian
    20 | D:1      | Noticed a ghoul
    20 | D:1      | Noticed an octopode
    22 | D:1      | Noticed a vampire
    22 | D:1      | Noticed a vine stalker
    24 | D:1      | Noticed a centaur
    26 | D:1      | Noticed a dwarf
    30 | D:1      | Noticed a human
    30 | D:1      | Noticed a naga
    32 | D:1      | Noticed a troll
    32 | D:1      | Noticed a demonspawn
   620 | D:1      | Gained mutation: You have sharp toenails. [demonic ancestry]
   620 | D:1      | Reached XP level 2. HP: 14/24 MP: 2/2
  1498 | D:2      | Noticed Natasha
  1510 | D:2      | Succumbed to an adder's poison

Vault maps used:
D:1:      kb_arrival_jail
D:2:      uniq_sigmund, uniq_natasha, uniq_jessica, uniq_terence

Action                   || total
-------------------------++-------
Melee: Unarmed           ||    91
  Eat: Chunk             ||     1
